 Dungeon Crawl Stone Soup version 0.30-a0-465-g8901f6c8b5 (webtiles) character file.

Game seed: 4231837714398536737

8456 porpoise the Magus (level 11, -1/89 HPs)
             Began as a Demonspawn Delver on Dec 17, 2022.
             Was an Elder of Nemelex Xobeh.
             Slain by a yak (10 damage)
             ... on level 10 of the Dungeon on Dec 18, 2022.
             The game lasted 00:52:19 (12128 turns).

porpoise the Magus (Demonspawn Delver)             Turns: 12128, Time: 00:52:19

Health: -1/89      AC: 12    Str: 15    XL:     11   Next: 10%
Magic:  19/19      EV: 10    Int: 16    God:    Nemelex Xobeh [****..]
Gold:   622        SH:  3    Dex: 14    Spells: 8/10 levels left

rFire   + . .      SeeInvis +    Q - +3 war axe
rCold   + . .      Faith    .    N - +0 buckler {rPois}
rNeg    . . .      Spirit   .    j - +1 ring mail
rPois   +          Reflect  .    (no helmet)
rElec   .          Harm     .    G - scarf {rC+ rF+}
rCorr   .          Rampage  .    (no gloves)
Will    .....                    (no boots)
Stlth   ++........               (no amulet)
HPRegen 0.34/turn                e - +4 ring of slaying
MPRegen 0.16/turn                F - ring of see invisible

@: sanguine armoured, slowed, studying Axes, very slow
A: hooves 2, demonic guardian 2, foul stench 1, sanguine armour 1, clever 1
a: Renounce Religion, Draw Escape, Draw Destruction, Draw Summoning, Triple
Draw, Deal Four


You were on level 10 of the Dungeon.
You worshipped Nemelex Xobeh.
Nemelex Xobeh was greatly pleased with you.
You visited 1 branch of the dungeon, and saw 10 of its levels.
You also visited: Ossuary and Bailey.

You collected 741 gold pieces.
You spent 119 gold pieces at shops.

Inventory:

Hand Weapons
 a - a +3 hand axe of electrocution
 c - a +4 battleaxe of freezing
 Q - a +3 war axe (weapon)
 R - a +0 broad axe
Missiles
 m - 4 atropa-tipped darts (quivered)
 q - 27 poisoned darts
 r - 6 javelins
 s - 3 throwing nets
 L - a curare-tipped dart
 U - 6 boomerangs
Armour
 j - a +1 ring mail (worn)
 G - a scarf of resistance (worn)
 M - a +0 troll leather armour
 N - a +0 buckler of poison resistance (worn)
 V - +0 steam dragon scales
Jewellery
 d - a ring of poison resistance
 e - a +4 ring of slaying (left hand)
 i - a ring of fire
 o - a +6 ring of intelligence
 F - a ring of see invisible (right hand)
 K - an amulet of the acrobat
 P - a +6 ring of strength
Wands
 g - a wand of digging (2)
 x - a wand of flame (27)
 J - a wand of acid (6)
 O - a wand of charming (5)
 S - a wand of polymorph (8)
Scrolls
 b - 4 scrolls of fog
 f - a scroll of noise
 h - 4 scrolls of blinking
 k - a scroll of enchant armour
 l - 7 scrolls of teleportation
 n - 6 scrolls of poison
 p - a scroll of torment
 v - a scroll of vulnerability
 w - 2 scrolls of immolation
 y - 4 scrolls of fear
 B - 2 scrolls of amnesia
Potions
 t - 3 potions of mutation
 u - a potion of lignification
 z - a potion of flight
 A - a potion of heal wounds
 C - 2 potions of brilliance
 D - a potion of invisibility
 E - a potion of berserk rage
 H - a potion of cancellation


   Skills:
 - Level 9.0 Fighting
 + Level 11.3 Axes
 + Level 1.4 Armour
 - Level 1.7 Dodging
 - Level 5.0 Stealth
 + Level 11.8 Invocations


You had 8 spell levels left.
You knew the following spells:

 Your Spells              Type           Power      Damage    Failure   Level
w - Wereblood             Tmut           0%         N/A       71%         2

Your spell library contained the following spells:

 Spells                   Type           Power      Damage    Failure   Level
 Beastly Appendage        Tmut           0%         N/A       56%         1
 Magic Dart               Conj           0%         1d3       56%         1
 Sting                    Tmut/Pois      0%         1d3       56%         1
 Call Imp                 Summ           0%         N/A       71%         2
 Ensorcelled Hibernation  Hex/Ice        0%         N/A       71%         2
 Passwall                 Tmut/Erth      0%         N/A       71%         2
 Poisonous Vapours        Pois/Air       0%         N/A       71%         2
 Sublimation of Blood     Necr           0%         N/A       71%         2
 Hailstorm                Conj/Ice       0%         3d3       90%         3
 Mephitic Cloud           Conj/Pois/Air  0%         N/A       90%         3
 Spider Form              Tmut/Pois      0%         N/A       90%         3
 Swiftness                Air            0%         N/A       90%         3
 Cause Fear               Hex            0%         N/A       100%        4
 Ice Form                 Ice/Tmut       0%         N/A       100%        4
 Olgreb's Toxic Radiance  Pois           0%         N/A       100%        4
 Simulacrum               Ice/Necr       0%         N/A       100%        6
 Dragon Form              Tmut           0%         N/A       100%        7
 Summon Hydra             Summ           0%         N/A       100%        7
 Dragon's Call            Summ           0%         N/A       100%        9


Dungeon Overview and Level Annotations

Branches:
Dungeon (10/15)            Temple (0/1) D:6         Ossuary (visited)
 Bailey (visited)
   Lair: D:8-11         Orc: D:9-12

Altars:
Ashenzari
Cheibriados
Gozag
Makhleb
Nemelex Xobeh
Ru
Uskayaw

Shops:
D:8 *(


Innate Abilities, Weirdness & Mutations

You have hoof-like feet.
A demonic guardian rushes to your aid.
You may rarely emit foul miasma when damaged in melee.
When seriously injured, your blood forms armour. (AC +6)
Your mind is acute. (Int +4, Str/Dex -1)


Message History

The yak bellows!
You slash the troll!
You kill the troll!
You hit the wraith but do no damage.
The kobold brigand throws a poisoned dart.
The poisoned dart hits you!
You are poisoned.
The wraith hits you.
* * * LOW HITPOINT WARNING * * *
The wraith drains your vigour!
You feel as though you will be slow longer.
The kobold brigand throws a poisoned dart.
The poisoned dart hits you!
You are more poisoned.
The wraith hits you but does no damage.
An entropy weaver comes into view.
You feel very sick.
The entropy weaver changes into a polar bear!
A wight comes into view. It is wielding a +2 halberd.
The wraith barely misses you.
A wight comes into view.
It is wielding a +1 morningstar and wearing a +2 robe of fire resistance.
The wraith hits you.
* * * LOW HITPOINT WARNING * * *
The wraith drains your vigour!
You feel as though you will be slow longer.
The kobold brigand closely misses you.
The wight moves out of view.
It was a potion of magic.
Magic courses through your body.
You feel very sick. The kobold brigand closely misses you.
The wraith closely misses you.
A wraith comes into view.
It was a potion of curing.
You feel better.
The kobold brigand hits you with a +0 short sword.
* * * LOW HITPOINT WARNING * * *
A demonic guardian appears!
The wraith hits you!
* * * LOW HITPOINT WARNING * * *
The wraith drains your vigour!
You feel as though you will be slow longer.
The yak gores you!
You die...
Your body disappears without a glow.

..............
............#. .
............z#W.
.............h#.
.............#...
......4.....#...#
.........Y.......
.......W@K.......
.................
.................
.........>.......
.........<.......
.................
.................
.................
#################


You could see a polar bear shaped shifter, a yak, 2 wraiths, a kobold brigand, a
wight and a friendly orange demon (summoned).

Vanquished Creatures
  A two-headed ogre (D:8)
  An orc high priest (Bailey)
  A kobold demonologist (Bailey)
  A hornet (D:8)
  4 trolls
  Grinder (D:3)
  A wraith (D:9)
  2 steam dragons (D:9)
  4 water moccasins
  A black bear (D:6)
  An ice beast (D:5)
  2 sky beasts (D:7)
  13 orc warriors
  An ogre (D:5)
  2 centaurs
  3 phantoms
  A kobold brigand (D:7)
  2 bullfrogs
  2 necrophages
  2 scorpions
  4 wights (D:8)
  6 killer bees (D:9)
  2 howler monkeys (D:6)
  5 electric eels (Bailey)
  5 centaur zombies (Ossuary)
  11 orc priests
  A hound (D:4)
  Jessica (D:3)
  4 iguanas
  8 orc wizards
  5 mummies (Ossuary)
  16 gnolls
  14 adders
  A shadow imp (D:7)
  A white imp (D:7)
  2 ufetubi (D:5)
  4 dart slugs
  58 orcs
  8 endoplasms
  2 giant cockroaches
  16 hobgoblins
  6 jackals
  11 kobolds
  2 quokkas
  4 ball pythons
  6 bats
  4 frilled lizards
  14 goblins
  A hobgoblin zombie (Ossuary)
  6 rats
274 creatures vanquished.

Vanquished Creatures (collateral kills)
  A steam dragon (D:9)
  A black bear (D:7)
  A scorpion (D:5)
  Terence (D:3)
  A mummy (Ossuary)
  An orc (Bailey)
  A hobgoblin (Bailey)
  A frilled lizard (D:3)
  A hobgoblin zombie (Ossuary)
  A kobold (D:7)
  A rat (D:1)
11 creatures vanquished.

Grand Total: 285 creatures vanquished

Notes
Turn   | Place    | Note
-------+----------+-------------------------------------------
     0 | D:5      | porpoise the Demonspawn Delver began the quest for the Orb.
     0 | D:5      | Reached XP level 1. HP: 18/18 MP: 1/1
    13 | D:4      | Noticed a scorpion
   152 | D:4      | Gained mutation: You may rarely emit foul miasma when
                  | damaged in melee. [demonic ancestry]
   152 | D:4      | Reached XP level 2. HP: 10/24 MP: 2/2
   230 | D:4      | Gained mutation: When seriously injured, your blood forms
                  | armour. (AC +6) [demonic ancestry]
   230 | D:4      | Reached XP level 3. HP: 15/29 MP: 3/3
   290 | D:3      | Noticed Jessica
   327 | D:3      | Gained mutation: You have sharp toenails. [potion of
                  | mutation]
   327 | D:3      | Gained mutation: Your mind is acute. (Int +4, Str/Dex -1)
                  | [potion of mutation]
   330 | D:3      | Killed Jessica
   331 | D:3      | Reached skill level 5 in Stealth
   331 | D:3      | Reached XP level 4. HP: 9/37 MP: 4/4
   574 | D:3      | Noticed Grinder
   919 | D:1      | Gained mutation: A weak demonic guardian rushes to your
                  | aid. [demonic ancestry]
   919 | D:1      | Reached XP level 5. HP: 42/42 MP: 5/5
  2206 | D:3      | Found a burning altar of Makhleb.
  2206 | D:3      | Found a sparkling altar of Nemelex Xobeh.
  2222 | D:3      | Lost mutation: You have sharp toenails. [demonic ancestry]
  2222 | D:3      | Gained mutation: You have large cloven feet. [demonic
                  | ancestry]
  2222 | D:3      | Reached XP level 6. HP: 42/49 MP: 6/6
  2231 | D:3      | Found a snail-covered altar of Cheibriados.
  2265 | D:3      | Found an opulent altar of Gozag.
  2291 | D:3      | Became a worshipper of Nemelex Xobeh the Trickster
  2292 | D:3      | Upgraded the game from 0.30-a0-462-gd5975efbca to
                  | 0.30-a0-465-g8901f6c8b5
  2516 | D:3      | Killed Grinder
  2517 | D:3      | Reached skill level 5 in Axes
  2643 | D:3      | Noticed Terence
  2665 | D:3      | Killed Terence
  2954 | D:4      | Gained mutation: A demonic guardian rushes to your aid.
                  | [demonic ancestry]
  2954 | D:4      | Reached XP level 7. HP: 33/55 MP: 9/9
  3285 | D:4      | Reached skill level 5 in Fighting
  4149 | D:5      | Reached skill level 5 in Invocations
  4212 | D:5      | Reached XP level 8. HP: 49/63 MP: 10/12
  4281 | D:5      | Reached * piety under Nemelex Xobeh
  4572 | D:5      | Received a gift from Nemelex Xobeh
  5753 | D:6      | Found a staircase to the Ecumenical Temple.
  5799 | D:6      | Reached ** piety under Nemelex Xobeh
  5812 | D:6      | Found a sand-covered staircase.
  5826 | Ossuary  | Entered an ossuary
  6201 | Ossuary  | Reached XP level 9. HP: 49/70 MP: 15/15
  6657 | D:6      | Found a hide-covered altar of Uskayaw.
  6868 | D:6      | Learned a level 2 spell: Wereblood
  7898 | D:7      | Reached *** piety under Nemelex Xobeh
  7898 | D:7      | Received a gift from Nemelex Xobeh
  8000 | D:7      | Noticed a troll
  8011 | D:7      | Killed a troll
  8314 | D:7      | Found a broken altar of Ashenzari.
  8523 | D:8      | Found Xefyn's Serpentskin Sales.
  8541 | D:8      | Bought a +0 buckler of poison resistance for 119 gold
                  | pieces
  8556 | D:8      | Received a gift from Nemelex Xobeh
  8757 | D:8      | Gained mutation: You have hoof-like feet. [demonic
                  | ancestry]
  8757 | D:8      | Reached XP level 10. HP: 15/80 MP: 17/17
  9104 | D:8      | Found Tutsyf Gergh's Weapon Shoppe.
  9157 | D:8      | Noticed a two-headed ogre
  9168 | D:8      | Killed a two-headed ogre
  9169 | D:8      | Reached skill level 10 in Invocations
  9403 | D:8      | Found a sacrificial altar of Ru.
  9798 | D:9      | Reached **** piety under Nemelex Xobeh
  9798 | D:9      | Received a gift from Nemelex Xobeh
  9811 | D:9      | Found a flagged portal.
  9835 | D:9      | Reached skill level 10 in Axes
  9851 | Bailey   | Entered a bailey
 11031 | Bailey   | Acquired a manual of Axes
 11107 | Bailey   | Noticed an orc high priest
 11109 | Bailey   | Found an iron altar of Okawaru.
 11116 | Bailey   | Noticed a smoke demon
 11116 | Bailey   | Noticed a soul eater
 11121 | Bailey   | Killed an orc high priest
 11687 | D:9      | Reached XP level 11. HP: 73/89 MP: 19/19
 12023 | D:9      | Reached skill level 1 in Armour
 12110 | D:10     | Entered Level 10 of the Dungeon
 12125 | D:10     | Noticed an entropy weaver
 12126 | D:10     | an entropy weaver changed into a polar bear
 12128 | D:10     | Slain by a yak

Illustrated notes

Levels and vault maps discovered:
D:1:      denvon_arrival_planthouse, layout_basic, amethyst_killhole
D:2:      layout_rooms
D:3:      layout_basic, chequers_temple_overflow_minitemple, uniq_grinder,
          uniq_terence, uniq_jessica
D:4:      layout_loops_cross, kennysheep_mini_moat, st_stairs_11,
          solitary_fountain
D:5:      layout_layer_cave, gup_sewer_entry_bowl
D:6:      layout_gridville, overflow_temple_1_default, temple_pool_b,
          chequers_ossuary_entry_cave, hangedman_decor_riveting
D:7:      layout_gridville, kennysheep_mini
D:8:      layout_cave_pools, nicolae_ru_awakened_eye, special_room
          [special_room_orc], serial_shops, nicolae_shop_window_shopping,
          minmay_misc_feat_tower, guppyfry_shop_venom
D:9:      layout_basic, enter_bailey_5
D:10:     cheibrodos_fzero, layout_grid_maze, hiddenorc1_lemuel,
          chequers_guarded_unrand_ignorance, uniq_harold, uniq_gastronok

Skill      XL: |  1  2  3  4  5  6  7  8  9 10 11 |
---------------+----------------------------------+-----
Axes           | 2 3 4 5 6 7 9 11 | 11.3
Stealth        | 5 |  5.0
Fighting       | 4 5 6 7 9 |  9.0
Invocations    | 3 5 8 9 11 | 11.8
Armour         | 1 |  1.4
Dodging        | |  1.7

Action                   |  1- 3 |  4- 6 |  7- 9 | 10-12 || total
-------------------------+-------+-------+-------+-------++-------
Melee: Hand axe          |    38 |   154 |   303 |    10 ||   505
       Kick              |       |    44 |    91 |    47 ||   182
       Punch             |       |       |     3 |       ||     3
       War axe           |       |       |       |   143 ||   143
Throw: Dart              |       |    10 |       |     3 ||    13
Evoke: Wand              |       |       |       |     9 ||     9
  Use: Potion            |     1 |       |     3 |     3 ||     7
       Scroll            |       |     5 |    14 |     6 ||    25
 Stab: Sleeping          |       |     6 |     4 |     2 ||    12
       Invisible         |       |     1 |       |       ||     1
       Distracted        |       |       |     1 |     1 ||     2
Armor: Ring mail         |     7 |    67 |   111 |    58 ||   243
       Leather armour    |     1 |       |       |       ||     1
Dodge: Dodged            |    13 |    91 |   140 |    90 ||   334
Block: Buckler           |       |       |     5 |    27 ||    32

Table legend: (Time is in decaauts)
 A = Elapsed time spent in this place.
 B = Non-inter-level travel time spent in this place.
 C = Inter-level travel time spent in this place.
 D = Time resting spent in this place.
 E = Time spent auto-exploring this place.
 F = Levels seen in this place.
 G = Mean time per level.
                   A        B        C        D        E       F      G
               +--------+--------+--------+--------+--------+-----+--------+
         Total |  12170 |  11953 |    217 |   3633 |   5874 |  12 | 1014.2 |
       Dungeon |  10048 |   9831 |    217 |   2279 |   5666 |  10 | 1004.8 |
       Ossuary |    546 |    546 |      0 |    381 |     21 |   1 |  546.0 |
        Bailey |   1575 |   1575 |      0 |    973 |    186 |   1 | 1575.0 |
               +--------+--------+--------+--------+--------+-----+--------+

Top non-repeatable levels by time:
     D:5: 1755 daAuts
  Bailey: 1575 daAuts
     D:4: 1460 daAuts
     D:6: 1247 daAuts
     D:8: 1216 daAuts
     D:9: 922 daAuts
     D:3: 918 daAuts
     D:1: 884 daAuts
     D:7: 859 daAuts
     D:2: 762 daAuts
 Ossuary: 546 daAuts
    D:10: 22 daAuts
